AoeStats
← Coneishon

Arena

509264124Analyzed
2v2 RM · 7d ago on Sep 26, 2026· 50m 24s· 4 players
Game mode
Random Map
Map size
Medium (4 player)
Population
200
Speed
Normal
Resources
Standard
Victory
Conquest
Starting age
Dark Age
Ending age
Imperial Age
RankedLock teamsTeams togetherTeam positionsShared explorationLock speedFull tech treeHidden civsTurbo modeCheats
Victory
Defeat
🇨🇳 Aztecs · China
1288
+15
🇧🇷 Cumans · Brazil
1288
+15
🇦🇷 Burgundians · Argentina
1272
-16
🇦🇷 Cumans · Argentina
1251
-14
AgusssMetall
6:05 Loom
9:24 Feudal Age
17:39 Forging
22:45 Castle Age
20:54 Double-Bit Axe
20:47 Man-at-Arms
21:27 Horse Collar
22:41 Scale Mail Armor
23:00 Long Swordsman
23:42 Squires
27:57 Wheelbarrow
27:35 Bow Saw
27:28 Heavy Plow
30:55 Hand Cart
32:18 Crop Rotation
32:28 Scale Barding Armor
32:58 Iron Casting
33:33 Iron Casting
32:20 Cavalier
33:01 Husbandry
34:37 Town Watch
35:24 Chain Mail Armor
35:30 Chain Barding Armor
41:21 Imperial Age
43:03 Blast Furnace
42:33 Plate Mail Armor
41:29 Paladin
41:37 Two-Handed Swordsman
41:44 Two-Handed Swordsman
43:04 Champion
45:45 Plate Barding Armor
46:45 Conscription
Coneishon
5:48 Loom
5:56 Loom
9:45 Feudal Age
22:18 Castle Age
20:40 Scale Mail Armor
20:54 Man-at-Arms
21:51 Forging
22:32 Long Swordsman
26:22 Wheelbarrow
27:15 Double-Bit Axe
32:40 Wheelbarrow
33:11 Town Watch
33:20 Gold Mining
33:24 Stone Mining
34:33 Gold Mining
35:08 Bloodlines
36:06 Gold Shaft Mining
37:32 Bow Saw
37:51 Hand Cart
37:33 Horse Collar
42:21 Imperial Age
40:11 Scale Barding Armor
41:06 Iron Casting
42:09 Chain Barding Armor
42:25 Cavalier
43:53 Plate Barding Armor
45:24 Blast Furnace
46:07 Paladin
Vhl.FalconKing
6:40 Loom
8:48 Feudal Age
11:04 Double-Bit Axe
12:24 Horse Collar
29:12 Castle Age
27:27 Gold Mining
29:18 Town Watch
29:48 Fletching
30:10 Bloodlines
30:27 Bow Saw
30:32 Heavy Plow
36:58 Imperial Age
36:49 Gold Shaft Mining
37:09 Ballistics
37:29 Bodkin Arrow
37:35 Padded Archer Armor
37:31 Cavalier
39:32 Leather Archer Armor
42:10 Chemistry
41:27 Forging
41:23 Scale Barding Armor
41:14 Paladin
43:14 Iron Casting
44:10 Chain Barding Armor
46:12 Blast Furnace
47:57 Caravan
49:44 Plate Barding Armor
xpy
10:34 Feudal Age
14:40 Castle Age
12:37 Double-Bit Axe
13:02 Horse Collar
14:39 Loom
17:15 Pikeman
18:35 Wheelbarrow
19:06 Sanctity
20:15 Fervor
22:35 Redemption
24:06 Bow Saw
25:04 Scale Mail Armor
26:02 Squires
25:23 Eagle Warrior
26:19 Chain Mail Armor
27:19 Man-at-Arms
28:32 Heavy Plow
29:41 Forging
34:59 Imperial Age
33:17 Gold Mining
33:18 Stone Mining
33:49 Hand Cart
33:20 Town Watch
34:34 Gold Shaft Mining
33:57 Man-at-Arms
34:23 Gambesons
34:25 Arson
35:18 Iron Casting
35:11 Man-at-Arms
35:56 Arson
35:57 Gambesons
36:44 Plate Mail Armor
36:49 Crop Rotation
37:49 Conscription
39:05 Garland Wars
39:47 Blast Furnace
38:44 Capped Ram
38:53 Long Swordsman
39:37 Two-Handed Swordsman
41:22 Champion
Connection lost

Rejoining the realm…

Still unreachable

The connection could not be restored.

Session expired

The server has moved on; the page needs a fresh start.